[ AOE2 MATCH · #484667407 ]
Team RMBohemians vs Turks
[ REPLAY ANALYSIS · EXTRACTED FROM THE RECORDED GAME ]
Feudal
12:19
Castle
17:21
Imperial
33:50
| APM avg | 29.3 |
| APM peak | 84 |
| eAPM avg | 12.7 |
| Villagers / military | 87 / 93 |
Focus
⚔️ 22.0% · 🌾 78.0%
Hussite Wagon ×80 · Trade Cart ×15 · Bombard Cannon ×4 · Trebuchet (Packed) ×4 · Petard ×2 · Battering Ram ×2
Feudal
11:34
Castle
16:35
Imperial
30:31
| APM avg | 17.6 |
| APM peak | 58 |
| eAPM avg | 11.1 |
| Villagers / military | 115 / 95 |
Focus
⚔️ 24.8% · 🌾 75.2%
Skirmisher ×71 · Bombard Cannon ×8 · Scorpion ×4 · Hand Cannoneer ×4 · Trebuchet (Packed) ×3 · Mangonel ×2
Feudal
11:05
Castle
14:43
Imperial
29:29
| APM avg | 46.5 |
| APM peak | 153 |
| eAPM avg | 28.4 |
| Villagers / military | 124 / 169 |
Focus
⚔️ 49.8% · 🌾 50.2%
Unknown (882) ×228 · Eagle Scout ×146 · Battering Ram ×19 · Trebuchet (Packed) ×4
Feudal
11:11
Castle
14:59
Imperial
30:58
| APM avg | 25.2 |
| APM peak | 59 |
| eAPM avg | 20.6 |
| Villagers / military | 206 / 339 |
Focus
⚔️ 27.0% · 🌾 73.0%
Scout Cavalry ×184 · Archer ×117 · Knight ×38
Feudal
14:49
Castle
24:04
Imperial
38:05
| APM avg | 17.4 |
| APM peak | 40 |
| eAPM avg | 8.6 |
| Villagers / military | 81 / 63 |
Focus
⚔️ 29.8% · 🌾 70.2%
Skirmisher ×26 · Mameluke ×18 · Camel Scout ×9 · Bombard Cannon ×3 · Trebuchet (Packed) ×3 · Spearman ×2
Feudal
—
Castle
—
Imperial
—
| APM avg | 15.9 |
| APM peak | 45 |
| eAPM avg | 10.3 |
| Villagers / military | 84 / 123 |
Focus
⚔️ 25.1% · 🌾 74.9%
Militia ×97 · Centurion ×18 · Skirmisher ×8
Feudal
11:39
Castle
15:17
Imperial
34:51
| APM avg | 54.0 |
| APM peak | 114 |
| eAPM avg | 23.0 |
| Villagers / military | 120 / 86 |
Focus
⚔️ 41.7% · 🌾 58.3%
Genoese Crossbowman ×71 · Unknown (882) ×69 · Bombard Cannon ×12 · Petard ×3
Feudal
9:52
Castle
15:15
Imperial
30:01
| APM avg | 20.9 |
| APM peak | 56 |
| eAPM avg | 14.6 |
| Villagers / military | 125 / 138 |
Focus
⚔️ 35.5% · 🌾 64.5%
Hand Cannoneer ×81 · Scout Cavalry ×45 · Camel Scout ×8 · Bombard Cannon ×3 · Monk ×1
Match map
Initial resources + every placement click. Lines = walls · curves = elevation contours. ◆ gold · ⬟ stone · ● berries · ✦ relic · ◌ wall gap
Your base· ✓ Closed at 17:21 · 0t walls · 2 gate(s)
X's base· ✓ Closed at 16:35 · 0t walls · 2 gate(s)
Profesor Caos's base· ✓ Closed at 14:43 · 0t walls · 3 gate(s)
robin-47's base· ✓ Closed at 14:59 · 12t walls · 5 gate(s)
MENTOR VI's base· ✓ Closed at 24:04 · 1t walls · 3 gate(s)
ImpactMak50's base· ✓ Closed at 15:10 · 0t walls · 3 gate(s)
Sebastián's base· ✓ Closed at 15:17 · 0t walls · 4 gate(s)
adHoc's base· ✓ Closed at 15:15 · 0t walls · 2 gate(s)
Smoothed initial terrain · ◌ = detected wall gap · hover for details
Inputs per minute
— Jert - - X
Build order — Jert
First 150 of 260 actions detected
| 0:02 | Create | Villager (Male) |
| 0:02 | Create | Villager (Male) |
| 0:03 | Build | House |
| 0:05 | Build | House |
| 0:46 | Create | Villager (Male) |
| 1:17 | Create | Villager (Male) |
| 1:27 | Create | Villager (Male) |
| 1:48 | Build | Lumber Camp |
| 2:09 | Create | Villager (Male) |
| 2:32 | Create | Villager (Male) |
| 2:50 | Create | Villager (Male) |
| 3:15 | Create | Villager (Male) |
| 3:50 | Create | Villager (Male) |
| 4:01 | Build | Mill |
| 4:06 | Create | Villager (Male) |
| 4:21 | Build | House |
| 4:29 | Build | House |
| 4:40 | Create | Villager (Male) |
| 5:04 | Create | Villager (Male) |
| 5:31 | Create | Villager (Male) |
| 5:58 | Create | Villager (Male) |
| 5:59 | Create | Villager (Male) |
| 6:00 | Create | Villager (Male) |
| 6:37 | Create | Villager (Male) |
| 7:12 | Create | Villager (Male) |
| 7:26 | Build | House |
| 7:38 | Create | Villager (Male) |
| 8:06 | Create | Villager (Male) |
| 8:26 | Create | Villager (Male) |
| 9:09 | Build | Mill |
| 9:14 | Create | Villager (Male) |
| 9:16 | Create | Villager (Male) |
| 9:17 | Research | Feudal Age |
| 9:25 | Build | Mining Camp |
| 9:37 | Build | Mining Camp |
| 11:05 | Create | Villager (Male) |
| 11:13 | Research | Loom |
| 12:19 | Age | Feudal Age |
| 12:20 | Build | Market |
| 12:22 | Build | Blacksmith |
| 12:50 | Build | Farm |
| 12:51 | Build | Farm |
| 12:52 | Build | Farm |
| 12:53 | Build | Farm |
| 12:54 | Build | Farm |
| 12:54 | Build | Farm |
| 13:03 | Build | House |
| 13:11 | Create | Villager (Male) |
| 13:28 | Create | Villager (Male) |
| 13:56 | Build | Farm |
| 14:02 | Create | Villager (Male) |
| 14:31 | Build | Farm |
| 14:41 | Research | Castle Age |
| 15:40 | Create | Villager (Male) |
| 15:41 | Create | Villager (Male) |
| 16:55 | Build | Farm |
| 16:57 | Build | Farm |
| 17:04 | Build | Farm |
| 17:08 | Build | Farm |
| 17:21 | Age | Castle Age |
| 17:24 | Build | Town Center |
| 17:47 | Build | Castle |
| 17:51 | Create | Villager (Male) |
| 17:55 | Create | Villager (Male) |
| 18:02 | Research | Horse Collar |
| 18:04 | Research | Double-Bit Axe |
| 18:14 | Build | Monastery |
| 18:49 | Create | Villager (Male) |
| 18:55 | Create | Villager (Male) |
| 19:01 | Build | Lumber Camp |
| 19:14 | Create | Villager (Male) |
| 19:15 | Create | Villager (Male) |
| 19:20 | Build | House |
| 19:23 | Build | House |
| 19:25 | Build | House |
| 19:28 | Build | House |
| 19:29 | Build | House |
| 19:30 | Build | House |
| 19:32 | Build | House |
| 19:35 | Build | House |
| 19:42 | Create | Hussite Wagon |
| 19:42 | Create | Hussite Wagon |
| 20:09 | Build | Siege Workshop |
| 20:11 | Create | Villager (Male) |
| 20:12 | Create | Villager (Male) |
| 20:12 | Create | Villager (Male) |
| 20:13 | Create | Villager (Male) |
| 20:13 | Create | Villager (Male) |
| 20:14 | Create | Villager (Male) |
| 20:18 | Create | Villager (Male) |
| 20:28 | Build | Farm |
| 20:40 | Build | Farm |
| 20:48 | Create | Hussite Wagon |
| 21:20 | Create | Hussite Wagon |
| 21:25 | Create | Hussite Wagon |
| 21:32 | Create | Villager (Male) |
| 21:32 | Create | Villager (Male) |
| 21:32 | Create | Villager (Male) |
| 21:33 | Create | Villager (Male) |
| 21:37 | Create | Petard |
| 21:37 | Create | Petard |
| 22:06 | Create | Villager (Male) |
| 22:07 | Create | Villager (Male) |
| 22:13 | Build | Farm |
| 22:24 | Create | Hussite Wagon |
| 22:25 | Create | Hussite Wagon |
| 22:26 | Build | Farm |
| 22:55 | Build | Farm |
| 22:59 | Create | Villager (Male) |
| 22:59 | Create | Villager (Male) |
| 23:04 | Create | Villager (Male) |
| 23:04 | Create | Villager (Male) |
| 23:04 | Create | Villager (Male) |
| 23:04 | Create | Villager (Male) |
| 23:12 | Build | Farm |
| 23:13 | Build | Farm |
| 23:14 | Build | Farm |
| 23:15 | Build | Farm |
| 23:16 | Build | Farm |
| 23:19 | Create | Villager (Male) |
| 23:24 | Build | House |
| 23:24 | Build | House |
| 23:25 | Build | House |
| 23:30 | Build | House |
| 23:31 | Build | House |
| 23:31 | Build | House |
| 23:32 | Build | House |
| 23:33 | Build | House |
| 23:56 | Create | Monk |
| 23:57 | Research | Fervor |
| 24:06 | Create | Villager (Male) |
| 24:08 | Create | Villager (Male) |
| 24:10 | Create | Villager (Male) |
| 24:14 | Create | Hussite Wagon |
| 25:01 | Create | Villager (Male) |
| 25:01 | Create | Villager (Male) |
| 25:02 | Create | Villager (Male) |
| 25:03 | Create | Villager (Male) |
| 25:15 | Research | Bow Saw |
| 25:17 | Research | Heavy Plow |
| 25:45 | Create | Villager (Male) |
| 25:47 | Create | Villager (Male) |
| 25:54 | Build | Farm |
| 25:54 | Build | Farm |
| 25:55 | Build | Farm |
| 25:59 | Create | Villager (Male) |
| 25:59 | Create | Villager (Male) |
| 27:12 | Create | Villager (Male) |
| 27:13 | Create | Villager (Male) |
| 27:13 | Create | Villager (Male) |
Build order — X
First 150 of 242 actions detected
| 0:02 | Create | Villager (Male) |
| 0:03 | Create | Villager (Male) |
| 0:04 | Build | House |
| 0:06 | Build | House |
| 0:07 | Create | Villager (Male) |
| 0:08 | Create | Villager (Male) |
| 0:08 | Create | Villager (Male) |
| 1:34 | Create | Villager (Male) |
| 1:34 | Create | Villager (Male) |
| 2:01 | Create | Villager (Male) |
| 2:02 | Create | Villager (Male) |
| 2:17 | Build | Lumber Camp |
| 2:31 | Create | Villager (Male) |
| 2:57 | Create | Villager (Male) |
| 2:57 | Create | Villager (Male) |
| 3:19 | Create | Villager (Male) |
| 3:54 | Create | Villager (Male) |
| 3:54 | Create | Villager (Male) |
| 3:59 | Build | House |
| 4:25 | Create | Villager (Male) |
| 4:25 | Create | Villager (Male) |
| 4:52 | Create | Villager (Male) |
| 5:11 | Build | Mining Camp |
| 5:15 | Create | Villager (Male) |
| 5:32 | Create | Villager (Male) |
| 5:33 | Create | Villager (Male) |
| 5:54 | Build | House |
| 6:42 | Create | Villager (Male) |
| 6:44 | Create | Villager (Male) |
| 6:56 | Build | Mill |
| 7:10 | Create | Villager (Male) |
| 7:23 | Create | Villager (Male) |
| 7:44 | Build | Mill |
| 8:15 | Build | Farm |
| 8:20 | Create | Villager (Male) |
| 8:28 | Build | Farm |
| 8:45 | Create | Villager (Male) |
| 9:20 | Create | Villager (Male) |
| 9:24 | Research | Feudal Age |
| 10:02 | Build | Farm |
| 10:19 | Build | House |
| 10:49 | Build | Farm |
| 10:56 | Build | Farm |
| 11:08 | Create | Villager (Male) |
| 11:34 | Age | Feudal Age |
| 11:38 | Create | Villager (Male) |
| 11:41 | Research | Double-Bit Axe |
| 11:58 | Build | Market |
| 12:02 | Build | House |
| 12:04 | Create | Villager (Male) |
| 12:29 | Build | Blacksmith |
| 12:35 | Create | Villager (Male) |
| 12:56 | Build | Farm |
| 13:16 | Build | House |
| 13:30 | Create | Villager (Male) |
| 13:33 | Build | Farm |
| 13:40 | Research | Castle Age |
| 14:00 | Build | Mining Camp |
| 14:08 | Research | Gold Mining |
| 14:20 | Research | Horse Collar |
| 14:20 | Research | Horse Collar |
| 14:42 | Build | Farm |
| 14:42 | Build | Farm |
| 15:21 | Research | Stone Mining |
| 15:53 | Build | House |
| 16:13 | Create | Villager (Male) |
| 16:35 | Age | Castle Age |
| 17:02 | Create | Villager (Male) |
| 17:17 | Create | Villager (Male) |
| 17:27 | Build | Town Center |
| 17:44 | Build | Mining Camp |
| 17:51 | Create | Villager (Male) |
| 18:01 | Build | Farm |
| 18:03 | Build | Farm |
| 18:15 | Research | Heavy Plow |
| 18:17 | Create | Villager (Male) |
| 19:20 | Build | Siege Workshop |
| 19:28 | Research | Fletching |
| 19:43 | Create | Scorpion |
| 20:06 | Create | Villager (Male) |
| 20:07 | Create | Villager (Male) |
| 20:31 | Research | Bodkin Arrow |
| 20:38 | Create | Scorpion |
| 21:28 | Create | Villager (Male) |
| 21:37 | Build | Mining Camp |
| 21:50 | Create | Scorpion |
| 21:56 | Build | House |
| 22:15 | Create | Villager (Male) |
| 22:16 | Create | Villager (Male) |
| 22:20 | Build | Farm |
| 22:21 | Build | Farm |
| 22:23 | Build | Farm |
| 22:25 | Build | Farm |
| 23:03 | Create | Villager (Male) |
| 23:03 | Create | Villager (Male) |
| 23:03 | Create | Villager (Male) |
| 23:49 | Build | Farm |
| 24:11 | Build | University |
| 24:16 | Create | Villager (Male) |
| 24:19 | Build | Farm |
| 24:22 | Create | Villager (Male) |
| 24:23 | Create | Villager (Male) |
| 24:47 | Build | Farm |
| 24:48 | Create | Villager (Male) |
| 24:56 | Create | Villager (Male) |
| 25:04 | Research | Bow Saw |
| 25:42 | Build | Barracks |
| 25:46 | Create | Villager (Male) |
| 25:46 | Create | Villager (Male) |
| 25:46 | Create | Villager (Male) |
| 25:54 | Build | House |
| 26:15 | Build | Farm |
| 26:23 | Create | Villager (Male) |
| 26:28 | Build | Farm |
| 26:34 | Build | Mining Camp |
| 26:47 | Build | Monastery |
| 26:53 | Create | Villager (Male) |
| 26:56 | Research | Loom |
| 26:59 | Build | Farm |
| 27:21 | Research | Imperial Age |
| 27:28 | Create | Mangonel |
| 27:33 | Build | Farm |
| 27:35 | Create | Villager (Male) |
| 27:36 | Create | Villager (Male) |
| 27:48 | Create | Mangonel |
| 28:06 | Create | Villager (Male) |
| 28:24 | Build | Town Center |
| 28:32 | Create | Villager (Male) |
| 28:35 | Create | Villager (Male) |
| 28:36 | Create | Villager (Male) |
| 28:36 | Create | Villager (Male) |
| 29:11 | Create | Villager (Male) |
| 29:12 | Create | Villager (Male) |
| 29:17 | Research | Wheelbarrow |
| 29:42 | Build | House |
| 29:55 | Build | House |
| 30:31 | Age | Imperial Age |
| 30:39 | Build | Farm |
| 30:59 | Create | Monk |
| 31:02 | Create | Villager (Male) ×5 |
| 31:03 | Create | Villager (Male) ×5 |
| 31:45 | Build | Farm |
| 32:02 | Research | Hand Cart |
| 32:16 | Build | Archery Range |
| 32:23 | Research | Chemistry |
| 33:17 | Build | Castle |
| 33:28 | Build | Mining Camp |
| 33:37 | Create | Skirmisher |
| 33:44 | Create | Scorpion |
| 33:51 | Create | Villager (Male) |
Build order — Profesor Caos
First 150 of 719 actions detected
| 0:02 | Research | Loom |
| 0:04 | Build | House |
| 0:05 | Build | House |
| 0:26 | Create | Villager (Male) |
| 0:27 | Create | Villager (Male) |
| 0:29 | Create | Villager (Male) |
| 1:24 | Create | Villager (Male) |
| 1:47 | Build | Lumber Camp |
| 1:56 | Build | Lumber Camp |
| 2:08 | Create | Villager (Male) |
| 2:15 | Create | Villager (Male) |
| 3:05 | Create | Villager (Male) |
| 3:05 | Create | Villager (Male) |
| 3:22 | Create | Villager (Male) |
| 3:58 | Build | House |
| 4:07 | Create | Villager (Male) |
| 4:25 | Build | Mill |
| 4:30 | Create | Villager (Male) |
| 4:45 | Create | Villager (Male) |
| 5:09 | Create | Villager (Male) |
| 5:14 | Create | Villager (Male) |
| 5:34 | Create | Villager (Male) |
| 6:02 | Build | House |
| 6:03 | Build | House |
| 6:06 | Create | Villager (Male) |
| 6:42 | Build | Mill |
| 6:47 | Create | Villager (Male) |
| 6:47 | Create | Villager (Male) |
| 6:47 | Create | Villager (Male) |
| 6:58 | Create | Villager (Male) |
| 7:19 | Build | Lumber Camp |
| 7:43 | Build | Farm |
| 8:03 | Create | Villager (Male) |
| 8:03 | Create | Villager (Male) |
| 8:36 | Build | Mining Camp |
| 8:39 | Research | Feudal Age |
| 8:53 | Build | Farm |
| 9:47 | Build | Farm |
| 10:33 | Create | Villager (Male) |
| 10:33 | Create | Villager (Male) |
| 11:05 | Age | Feudal Age |
| 11:08 | Build | Market |
| 11:21 | Build | Blacksmith |
| 12:03 | Research | Castle Age |
| 12:17 | Research | Double-Bit Axe |
| 12:36 | Build | House |
| 12:45 | Research | Horse Collar |
| 12:45 | Research | Horse Collar |
| 12:51 | Build | House |
| 14:25 | Create | Villager (Male) |
| 14:26 | Create | Villager (Male) |
| 14:43 | Age | Castle Age |
| 14:44 | Build | Town Center |
| 14:55 | Build | Town Center |
| 15:11 | Research | Bow Saw |
| 15:11 | Research | Bow Saw |
| 15:21 | Create | Villager (Male) |
| 15:40 | Research | Heavy Plow |
| 15:40 | Research | Heavy Plow |
| 15:47 | Create | Villager (Male) |
| 16:04 | Build | Farm |
| 16:08 | Create | Villager (Male) |
| 16:09 | Create | Villager (Male) |
| 16:12 | Create | Villager (Male) |
| 16:12 | Create | Villager (Male) |
| 16:16 | Create | Villager (Male) |
| 16:20 | Build | Farm |
| 16:30 | Build | Farm |
| 16:35 | Create | Villager (Male) |
| 16:40 | Build | Farm |
| 16:50 | Create | Villager (Male) |
| 16:53 | Build | Farm |
| 16:55 | Create | Villager (Male) |
| 17:03 | Build | Farm |
| 17:09 | Create | Villager (Male) |
| 17:11 | Create | Villager (Male) |
| 17:16 | Build | Farm |
| 17:18 | Create | Villager (Male) |
| 17:21 | Build | Farm |
| 17:24 | Build | Farm |
| 17:28 | Build | Farm |
| 17:33 | Create | Villager (Male) |
| 17:40 | Build | Farm |
| 17:42 | Build | Farm |
| 17:49 | Create | Villager (Male) |
| 17:51 | Create | Villager (Male) |
| 17:57 | Build | Farm |
| 18:03 | Build | Farm |
| 18:05 | Build | Farm |
| 18:12 | Create | Villager (Male) |
| 18:19 | Build | Farm |
| 18:22 | Create | Villager (Male) |
| 18:26 | Create | Villager (Male) |
| 18:29 | Build | Farm |
| 18:30 | Build | Farm |
| 18:36 | Build | House |
| 18:38 | Build | House |
| 18:44 | Create | Villager (Male) |
| 18:45 | Create | Villager (Male) |
| 18:46 | Build | Farm |
| 18:52 | Create | Villager (Male) |
| 18:55 | Create | Villager (Male) |
| 19:02 | Build | Farm |
| 19:05 | Create | Villager (Male) |
| 19:08 | Create | Villager (Male) |
| 19:12 | Build | Farm |
| 19:21 | Build | Farm |
| 19:27 | Build | Farm |
| 19:29 | Create | Villager (Male) |
| 19:32 | Create | Villager (Male) |
| 19:32 | Create | Villager (Male) |
| 19:36 | Build | Farm |
| 19:42 | Build | Farm |
| 19:50 | Create | Villager (Male) |
| 19:50 | Create | Villager (Male) |
| 19:51 | Build | Farm |
| 19:56 | Build | House |
| 20:04 | Build | Farm |
| 20:05 | Create | Villager (Male) |
| 20:06 | Create | Villager (Male) |
| 20:08 | Create | Villager (Male) |
| 20:14 | Build | House |
| 20:15 | Build | House |
| 20:16 | Build | House |
| 20:20 | Create | Villager (Male) |
| 20:21 | Create | Villager (Male) |
| 20:24 | Build | Farm |
| 20:28 | Build | Farm |
| 20:34 | Create | Villager (Male) |
| 20:34 | Create | Villager (Male) |
| 20:34 | Create | Villager (Male) |
| 20:50 | Build | House |
| 20:52 | Create | Villager (Male) |
| 20:53 | Create | Villager (Male) |
| 21:02 | Build | Town Center |
| 21:08 | Create | Villager (Male) |
| 21:09 | Create | Villager (Male) |
| 21:09 | Create | Villager (Male) |
| 21:17 | Build | Farm |
| 21:21 | Build | Farm |
| 21:25 | Build | Farm |
| 21:40 | Build | House |
| 21:41 | Build | House |
| 21:43 | Create | Villager (Male) |
| 21:43 | Create | Villager (Male) |
| 21:43 | Create | Villager (Male) |
| 21:46 | Research | Wheelbarrow |
| 21:52 | Research | Wheelbarrow |
| 21:52 | Research | Wheelbarrow |
| 21:57 | Build | Farm |
Build order — robin-47
First 150 of 460 actions detected
| 0:01 | Create | Villager (Male) |
| 0:02 | Build | House |
| 0:03 | Build | House |
| 0:45 | Create | Villager (Male) |
| 0:45 | Create | Villager (Male) |
| 0:45 | Create | Villager (Male) |
| 0:45 | Create | Villager (Male) |
| 1:27 | Create | Villager (Male) |
| 1:39 | Build | Lumber Camp |
| 1:56 | Create | Villager (Male) |
| 2:14 | Create | Villager (Male) |
| 2:55 | Build | Palisade Wall |
| 3:03 | Build | Palisade Wall |
| 3:10 | Create | Villager (Male) |
| 3:10 | Create | Villager (Male) |
| 3:24 | Build | Palisade Gate |
| 3:32 | Build | Palisade Wall |
| 3:37 | Create | Villager (Male) |
| 3:51 | Create | Villager (Male) |
| 4:11 | Build | House |
| 4:12 | Build | House |
| 4:14 | Build | House |
| 4:42 | Build | Mill |
| 4:53 | Create | Villager (Male) |
| 5:10 | Build | House |
| 5:26 | Create | Villager (Male) |
| 5:26 | Create | Villager (Male) |
| 6:13 | Create | Villager (Male) |
| 6:40 | Create | Villager (Male) |
| 6:40 | Create | Villager (Male) |
| 7:27 | Create | Villager (Male) |
| 7:28 | Create | Villager (Male) |
| 8:02 | Build | Mining Camp |
| 8:32 | Create | Villager (Male) |
| 9:01 | Research | Feudal Age |
| 9:49 | Build | Farm |
| 9:49 | Build | Farm |
| 9:49 | Build | Farm |
| 9:49 | Build | Farm |
| 10:29 | Build | Farm |
| 11:11 | Age | Feudal Age |
| 11:13 | Build | Market |
| 11:16 | Build | Blacksmith |
| 11:19 | Create | Villager (Male) |
| 11:19 | Create | Villager (Male) |
| 11:34 | Build | Palisade Gate |
| 12:19 | Research | Castle Age |
| 12:19 | Research | Castle Age |
| 12:19 | Research | Castle Age |
| 12:29 | Build | Farm |
| 12:30 | Build | Farm |
| 12:37 | Build | Farm |
| 13:10 | Research | Double-Bit Axe |
| 13:11 | Research | Horse Collar |
| 13:34 | Build | House |
| 13:35 | Build | House |
| 13:36 | Build | House |
| 14:05 | Build | Farm |
| 14:06 | Build | Farm |
| 14:06 | Build | Farm |
| 14:07 | Build | Farm |
| 14:44 | Research | Gold Mining |
| 14:59 | Age | Castle Age |
| 15:03 | Build | Town Center |
| 15:05 | Build | Town Center |
| 15:19 | Research | Bow Saw |
| 15:23 | Build | House |
| 15:25 | Build | House |
| 15:33 | Build | Farm |
| 15:35 | Create | Villager (Male) |
| 15:43 | Build | Farm |
| 15:44 | Build | Farm |
| 15:45 | Build | Farm |
| 15:45 | Build | Farm |
| 16:08 | Research | Heavy Plow |
| 16:27 | Create | Villager (Male) ×2 |
| 16:27 | Create | Villager (Male) ×2 |
| 16:38 | Create | Villager (Male) |
| 16:38 | Create | Villager (Male) |
| 16:47 | Build | Farm |
| 16:48 | Build | Farm |
| 16:49 | Build | Farm |
| 16:59 | Build | Farm |
| 17:08 | Create | Villager (Male) |
| 17:08 | Create | Villager (Male) |
| 17:32 | Create | Villager (Male) |
| 17:33 | Create | Villager (Male) |
| 17:34 | Create | Villager (Male) |
| 17:34 | Create | Villager (Male) |
| 17:56 | Create | Villager (Male) |
| 17:57 | Create | Villager (Male) |
| 17:58 | Create | Villager (Male) |
| 17:58 | Create | Villager (Male) |
| 18:10 | Create | Villager (Male) |
| 18:10 | Create | Villager (Male) |
| 18:38 | Create | Villager (Male) ×2 |
| 18:38 | Create | Villager (Male) ×2 |
| 18:57 | Create | Villager (Male) ×3 |
| 18:58 | Create | Villager (Male) ×3 |
| 19:07 | Build | Town Center |
| 19:13 | Create | Villager (Male) ×2 |
| 19:13 | Create | Villager (Male) ×2 |
| 19:34 | Create | Villager (Male) |
| 19:34 | Create | Villager (Male) |
| 19:37 | Build | Farm |
| 19:38 | Build | Farm |
| 19:40 | Build | Farm |
| 19:44 | Build | Farm |
| 19:45 | Build | Farm |
| 19:46 | Build | Farm |
| 19:49 | Build | Farm |
| 19:50 | Build | Farm |
| 19:53 | Create | Villager (Male) |
| 19:53 | Create | Villager (Male) |
| 20:02 | Build | Farm |
| 20:03 | Build | Farm |
| 20:14 | Create | Villager (Male) ×2 |
| 20:14 | Create | Villager (Male) ×2 |
| 20:30 | Create | Villager (Male) |
| 20:31 | Create | Villager (Male) |
| 20:34 | Build | Farm |
| 20:38 | Create | Villager (Male) |
| 20:38 | Create | Villager (Male) |
| 20:48 | Build | Farm |
| 20:49 | Build | Farm |
| 20:50 | Build | Farm |
| 20:51 | Build | Farm |
| 20:53 | Create | Villager (Male) ×2 |
| 20:53 | Create | Villager (Male) ×2 |
| 21:04 | Build | Farm |
| 21:05 | Create | Villager (Male) |
| 21:06 | Create | Villager (Male) |
| 21:13 | Create | Villager (Male) |
| 21:13 | Create | Villager (Male) |
| 21:22 | Create | Villager (Male) ×2 |
| 21:22 | Create | Villager (Male) ×2 |
| 21:32 | Research | Gold Shaft Mining |
| 21:36 | Build | Farm |
| 21:48 | Research | Stone Mining |
| 21:48 | Research | Stone Mining |
| 21:50 | Create | Villager (Male) |
| 21:50 | Create | Villager (Male) |
| 21:56 | Build | House |
| 21:57 | Build | House |
| 21:58 | Build | House |
| 22:00 | Create | Villager (Male) ×2 |
| 22:00 | Create | Villager (Male) ×2 |
| 22:06 | Build | House |
| 22:07 | Build | House |
| 22:08 | Build | House |
Build order — MENTOR VI
First 150 of 176 actions detected
| 0:08 | Build | House |
| 0:12 | Create | Villager (Male) ×4 |
| 0:15 | Research | Loom |
| 1:37 | Create | Villager (Male) |
| 2:21 | Create | Villager (Male) |
| 2:35 | Build | House |
| 2:37 | Build | House |
| 2:39 | Create | Villager (Male) |
| 3:17 | Create | Villager (Male) |
| 3:45 | Create | Villager (Male) |
| 3:59 | Build | Lumber Camp |
| 6:25 | Create | Villager (Male) ×5 |
| 6:25 | Create | Villager (Male) ×5 |
| 7:25 | Create | Villager (Male) ×2 |
| 7:38 | Build | Mill |
| 8:45 | Create | Villager (Male) ×2 |
| 8:46 | Create | Villager (Male) |
| 9:12 | Build | House |
| 9:16 | Build | House |
| 10:09 | Build | House |
| 10:15 | Build | House |
| 10:49 | Create | Villager (Male) |
| 10:50 | Create | Villager (Male) |
| 10:51 | Research | Feudal Age |
| 10:55 | Create | Villager (Male) |
| 10:55 | Research | Feudal Age |
| 11:02 | Build | House |
| 11:38 | Build | Barracks |
| 11:54 | Build | Mill |
| 13:16 | Build | Mining Camp |
| 13:56 | Build | Farm |
| 13:58 | Build | Farm |
| 14:01 | Build | Farm |
| 14:04 | Build | Farm |
| 14:07 | Build | Farm |
| 14:18 | Build | Farm |
| 14:33 | Build | Farm |
| 14:49 | Age | Feudal Age |
| 14:52 | Research | Town Watch |
| 14:52 | Research | Wheelbarrow |
| 14:59 | Build | Archery Range |
| 15:03 | Build | Stone Wall |
| 15:05 | Create | Spearman |
| 15:06 | Create | Spearman |
| 15:14 | Research | Horse Collar |
| 15:17 | Research | Double-Bit Axe |
| 16:31 | Build | Stable |
| 16:40 | Build | Gate |
| 16:45 | Build | Stable |
| 17:16 | Build | Lumber Camp |
| 17:20 | Create | Villager (Male) ×5 |
| 17:56 | Build | Mining Camp |
| 19:09 | Build | Market |
| 19:13 | Build | Blacksmith |
| 19:48 | Create | Scout Cavalry |
| 19:55 | Research | Gold Mining |
| 20:01 | Research | Stone Mining |
| 20:20 | Build | Lumber Camp |
| 20:39 | Build | House |
| 20:43 | Build | House |
| 20:45 | Build | House |
| 21:24 | Research | Castle Age |
| 21:24 | Research | Castle Age |
| 24:04 | Age | Castle Age |
| 24:36 | Build | Town Center |
| 24:41 | Research | Hand Cart |
| 24:43 | Research | Heavy Plow |
| 24:46 | Research | Bow Saw |
| 25:09 | Create | Villager (Male) ×5 |
| 25:53 | Build | Lumber Camp |
| 25:59 | Create | Villager (Male) ×2 |
| 26:09 | Build | Farm |
| 26:14 | Build | Farm |
| 26:17 | Build | Farm |
| 26:20 | Build | Mill |
| 26:23 | Build | Farm |
| 26:26 | Build | Farm |
| 26:30 | Build | Farm |
| 26:35 | Build | Farm |
| 26:48 | Create | Villager (Male) ×2 |
| 27:44 | Build | Town Center |
| 27:54 | Create | Villager (Male) ×5 |
| 28:11 | Build | Siege Workshop |
| 28:19 | Build | Stone Wall |
| 28:27 | Build | Castle |
| 29:05 | Create | Villager (Male) ×5 |
| 29:26 | Build | Archery Range |
| 29:30 | Build | Archery Range |
| 29:41 | Research | Elite Skirmisher (upgrade) |
| 29:55 | Build | Archery Range |
| 30:25 | Create | Skirmisher ×5 |
| 30:25 | Create | Skirmisher ×5 |
| 30:26 | Create | Skirmisher ×5 |
| 31:00 | Build | University |
| 31:04 | Build | House |
| 31:09 | Build | House |
| 31:30 | Research | Fletching |
| 31:30 | Research | Padded Archer Armor |
| 31:41 | Build | Monastery |
| 31:45 | Create | Villager (Male) ×5 |
| 31:54 | Research | Fortified Wall (upgrade) |
| 32:05 | Build | Lumber Camp |
| 32:30 | Build | Siege Workshop |
| 32:34 | Build | Archery Range |
| 32:40 | Create | Villager (Male) ×5 |
| 32:54 | Build | Farm |
| 32:57 | Build | Farm |
| 33:03 | Build | Farm |
| 33:07 | Build | Farm |
| 33:13 | Build | Farm |
| 33:16 | Build | Farm |
| 33:18 | Build | Farm |
| 33:21 | Build | Farm |
| 33:24 | Build | Mill |
| 33:27 | Build | Farm |
| 33:40 | Research | Masonry |
| 33:46 | Build | Farm |
| 33:57 | Create | Skirmisher ×5 |
| 33:57 | Create | Skirmisher |
| 34:14 | Create | Villager (Male) ×5 |
| 34:18 | Create | Villager (Male) ×5 |
| 34:49 | Research | Imperial Age |
| 34:55 | Research | Imperial Age |
| 35:52 | Research | Bodkin Arrow |
| 35:52 | Research | Leather Archer Armor |
| 36:01 | Build | Mining Camp |
| 36:12 | Create | Villager (Male) ×5 |
| 36:18 | Build | Lumber Camp |
| 37:12 | Create | Monk |
| 38:03 | Research | Thumb Ring |
| 38:05 | Age | Imperial Age |
| 38:09 | Research | Chemistry |
| 38:09 | Research | Ballistics |
| 38:11 | Research | Conscription |
| 38:12 | Create | Trebuchet (Packed) |
| 38:12 | Create | Trebuchet (Packed) |
| 38:14 | Create | Trebuchet (Packed) |
| 38:26 | Create | Skirmisher ×5 |
| 38:32 | Create | Mameluke ×5 |
| 38:48 | Build | Lumber Camp |
| 38:59 | Build | House |
| 39:04 | Build | House |
| 39:07 | Build | House |
| 39:16 | Research | Bracer |
| 39:17 | Research | Ring Archer Armor |
| 39:31 | Build | Farm |
| 39:41 | Build | Farm |
| 39:46 | Build | Farm |
| 39:52 | Build | Farm |
| 40:03 | Build | Farm |
Build order — ImpactMak50
First 150 of 215 actions detected
| 0:03 | Build | House |
| 0:03 | Create | Villager (Male) |
| 0:04 | Create | Villager (Male) |
| 0:04 | Create | Villager (Male) |
| 0:05 | Build | House |
| 0:53 | Create | Villager (Male) |
| 1:25 | Create | Villager (Male) |
| 2:16 | Create | Villager (Male) |
| 2:16 | Create | Villager (Male) |
| 2:49 | Create | Villager (Male) |
| 2:51 | Create | Villager (Male) |
| 3:37 | Build | House |
| 3:38 | Build | House |
| 3:43 | Build | Lumber Camp |
| 3:56 | Create | Villager (Male) |
| 3:57 | Create | Villager (Male) |
| 3:58 | Create | Villager (Male) |
| 5:07 | Create | Villager (Male) |
| 5:07 | Create | Villager (Male) |
| 5:38 | Create | Villager (Male) |
| 5:39 | Create | Villager (Male) |
| 5:49 | Create | Villager (Male) |
| 5:49 | Create | Villager (Male) |
| 7:00 | Build | Mill |
| 7:53 | Research | Feudal Age |
| 8:05 | Build | Mill |
| 8:14 | Create | Villager (Male) |
| 8:15 | Create | Villager (Male) |
| 8:24 | Build | Mining Camp |
| 9:07 | Build | House |
| 9:08 | Build | House |
| 10:17 | Research | Double-Bit Axe |
| 10:45 | Create | Villager (Male) |
| 10:53 | Create | Villager (Male) |
| 11:07 | Build | Blacksmith |
| 11:48 | Create | Villager (Male) |
| 11:49 | Create | Villager (Male) |
| 12:23 | Build | Market |
| 12:28 | Create | Villager (Male) |
| 13:01 | Create | Villager (Male) |
| 13:08 | Research | Horse Collar |
| 13:24 | Create | Villager (Male) |
| 13:30 | Build | Farm |
| 13:36 | Build | Farm |
| 13:41 | Build | Farm |
| 13:48 | Build | Farm |
| 13:54 | Create | Villager (Male) |
| 14:21 | Build | Farm |
| 14:24 | Build | Farm |
| 15:10 | Research | Castle Age |
| 15:23 | Build | Farm |
| 15:23 | Build | Farm |
| 15:28 | Build | Farm |
| 15:34 | Build | House |
| 15:35 | Build | House |
| 15:42 | Build | Mining Camp |
| 15:57 | Build | Farm |
| 15:57 | Build | Farm |
| 15:58 | Build | Farm |
| 15:58 | Build | Farm |
| 16:15 | Build | Barracks |
| 16:27 | Research | Stone Mining |
| 17:02 | Research | Gold Mining |
| 17:16 | Create | Villager (Male) ×5 |
| 18:03 | Research | Bow Saw |
| 18:43 | Build | Town Center |
| 18:54 | Create | Villager (Male) |
| 18:54 | Create | Villager (Male) |
| 19:27 | Build | Barracks |
| 19:35 | Research | Man-at-Arms (upgrade) |
| 19:38 | Research | Forging |
| 19:38 | Research | Scale Mail Armor |
| 19:44 | Create | Militia |
| 19:44 | Create | Militia |
| 20:22 | Build | Archery Range |
| 20:36 | Create | Villager (Male) |
| 20:42 | Create | Villager (Male) |
| 20:42 | Create | Villager (Male) |
| 20:48 | Create | Militia |
| 20:48 | Create | Militia |
| 21:18 | Create | Villager (Male) |
| 21:18 | Create | Villager (Male) |
| 21:29 | Build | Town Center |
| 21:32 | Create | Villager (Male) ×3 |
| 21:42 | Build | House |
| 21:44 | Build | House |
| 21:44 | Build | House |
| 21:45 | Build | House |
| 21:51 | Create | Skirmisher |
| 21:51 | Create | Skirmisher |
| 21:52 | Create | Skirmisher |
| 21:52 | Create | Skirmisher |
| 22:19 | Research | Fletching |
| 22:19 | Research | Padded Archer Armor |
| 22:19 | Research | Padded Archer Armor |
| 22:57 | Create | Villager (Male) |
| 23:00 | Create | Villager (Male) |
| 23:01 | Create | Villager (Male) |
| 23:19 | Build | Town Center |
| 23:22 | Build | Farm |
| 23:22 | Build | Farm |
| 23:23 | Build | Farm |
| 23:25 | Create | Villager (Male) ×3 |
| 24:16 | Create | Villager (Male) ×5 |
| 24:36 | Build | Farm |
| 24:36 | Build | Farm |
| 24:36 | Build | Farm |
| 24:46 | Build | Barracks |
| 24:55 | Build | Monastery |
| 25:01 | Build | University |
| 25:07 | Create | Villager (Male) ×5 |
| 25:42 | Research | Heavy Plow |
| 25:50 | Build | House |
| 25:51 | Build | House |
| 25:52 | Build | House |
| 25:53 | Build | House |
| 26:02 | Build | Barracks |
| 27:09 | Research | Long Swordsman (upgrade) |
| 27:17 | Create | Militia ×5 |
| 27:18 | Create | Militia ×5 |
| 27:24 | Build | Castle |
| 27:37 | Research | Ballistics |
| 28:13 | Research | Padded Archer Armor |
| 28:39 | Create | Skirmisher |
| 28:39 | Create | Skirmisher |
| 28:40 | Create | Skirmisher |
| 28:40 | Create | Skirmisher |
| 29:22 | Build | Archery Range |
| 29:23 | Build | Archery Range |
| 30:54 | Build | Barracks |
| 31:41 | Create | Villager (Male) |
| 31:55 | Build | Stone Wall |
| 33:05 | Research | Imperial Age |
| 33:16 | Create | Villager (Male) ×2 |
| 34:09 | Build | Barracks |
| 34:27 | Create | Villager (Male) ×5 |
| 34:31 | Build | Farm |
| 34:32 | Build | Farm |
| 35:27 | Research | Scale Barding Armor |
| 35:30 | Research | Iron Casting |
| 35:57 | Create | Villager (Male) ×3 |
| 36:12 | Create | Villager (Male) ×5 |
| 36:44 | Build | Farm |
| 37:13 | Research | Legionary (upgrade) |
| 37:15 | Create | Militia |
| 37:29 | Build | Stable |
| 37:33 | Build | Stable |
| 37:47 | Create | Centurion ×2 |
| 38:17 | Create | Centurion |
| 38:18 | Create | Centurion |
Build order — Sebastián
First 150 of 424 actions detected
| 0:01 | Create | Villager (Male) |
| 0:01 | Create | Villager (Male) |
| 0:02 | Create | Villager (Male) |
| 0:03 | Build | House |
| 0:05 | Build | House |
| 0:09 | Create | Villager (Male) |
| 1:28 | Create | Villager (Male) |
| 2:18 | Build | Lumber Camp |
| 2:18 | Create | Villager (Male) |
| 2:49 | Create | Villager (Male) |
| 2:49 | Create | Villager (Male) |
| 3:28 | Create | Villager (Male) |
| 3:28 | Create | Villager (Male) |
| 4:08 | Build | House |
| 4:09 | Create | Villager (Male) |
| 4:10 | Create | Villager (Male) |
| 4:43 | Create | Villager (Male) |
| 4:44 | Create | Villager (Male) |
| 4:45 | Build | Mill |
| 5:01 | Create | Villager (Male) |
| 5:20 | Create | Villager (Male) |
| 5:58 | Create | Villager (Male) |
| 6:14 | Build | House |
| 6:20 | Create | Villager (Male) |
| 6:20 | Create | Villager (Male) |
| 6:34 | Create | Villager (Male) |
| 6:34 | Create | Villager (Male) |
| 6:34 | Create | Villager (Male) |
| 6:43 | Build | House |
| 6:53 | Build | Mill |
| 7:04 | Create | Villager (Male) |
| 7:42 | Create | Villager (Male) |
| 7:51 | Create | Villager (Male) |
| 7:53 | Create | Villager (Male) |
| 8:06 | Build | House |
| 8:11 | Build | Palisade Gate |
| 8:13 | Build | House |
| 8:46 | Research | Feudal Age |
| 8:46 | Research | Loom |
| 9:14 | Build | Mining Camp |
| 11:05 | Build | Mining Camp |
| 11:15 | Build | Mining Camp |
| 11:39 | Age | Feudal Age |
| 11:47 | Build | Blacksmith |
| 11:55 | Build | Market |
| 12:37 | Research | Castle Age |
| 13:54 | Research | Fletching |
| 15:17 | Age | Castle Age |
| 15:21 | Build | Castle |
| 15:25 | Create | Villager (Male) |
| 16:01 | Build | Farm |
| 16:04 | Create | Villager (Male) |
| 16:26 | Create | Petard |
| 16:34 | Build | Farm |
| 16:55 | Create | Petard |
| 16:56 | Create | Genoese Crossbowman |
| 16:56 | Create | Genoese Crossbowman |
| 17:23 | Build | House |
| 17:29 | Create | Genoese Crossbowman |
| 17:32 | Build | House |
| 17:37 | Create | Villager (Male) |
| 17:37 | Create | Villager (Male) |
| 17:55 | Create | Genoese Crossbowman |
| 18:13 | Create | Genoese Crossbowman |
| 18:14 | Create | Genoese Crossbowman |
| 18:22 | Create | Petard |
| 18:24 | Create | Genoese Crossbowman |
| 18:26 | Build | Farm |
| 18:34 | Build | Town Center |
| 18:37 | Build | House |
| 18:38 | Build | Farm |
| 19:19 | Create | Genoese Crossbowman |
| 19:19 | Create | Genoese Crossbowman |
| 19:19 | Create | Genoese Crossbowman |
| 19:35 | Build | House |
| 19:36 | Build | House |
| 19:38 | Create | Villager (Male) |
| 19:59 | Create | Genoese Crossbowman |
| 19:59 | Create | Genoese Crossbowman |
| 21:16 | Build | Farm |
| 21:17 | Create | Villager (Male) |
| 21:17 | Create | Villager (Male) |
| 21:18 | Create | Villager (Male) |
| 21:21 | Build | University |
| 22:11 | Create | Genoese Crossbowman |
| 22:12 | Create | Genoese Crossbowman |
| 22:12 | Create | Genoese Crossbowman |
| 22:12 | Create | Genoese Crossbowman |
| 22:15 | Build | Farm |
| 22:16 | Build | Farm |
| 22:17 | Create | Villager (Male) |
| 22:17 | Create | Villager (Male) |
| 22:18 | Create | Villager (Male) |
| 22:46 | Build | House |
| 22:49 | Build | Farm |
| 22:52 | Create | Villager (Male) |
| 23:59 | Build | Farm |
| 24:04 | Build | Siege Workshop |
| 24:08 | Build | Farm |
| 24:17 | Create | Villager (Male) |
| 24:17 | Create | Villager (Male) |
| 24:18 | Create | Villager (Male) |
| 24:18 | Create | Villager (Male) |
| 24:20 | Create | Villager (Male) |
| 24:26 | Create | Villager (Male) |
| 24:26 | Create | Villager (Male) |
| 25:06 | Build | Town Center |
| 25:10 | Create | Villager (Male) |
| 25:10 | Create | Villager (Male) |
| 25:20 | Create | Villager (Male) |
| 25:27 | Build | Palisade Gate |
| 25:54 | Build | Castle |
| 26:16 | Create | Villager (Male) |
| 26:16 | Create | Villager (Male) |
| 26:16 | Create | Villager (Male) |
| 26:17 | Create | Villager (Male) |
| 26:39 | Create | Villager (Male) |
| 26:40 | Create | Villager (Male) |
| 26:43 | Build | Farm |
| 26:52 | Create | Villager (Male) |
| 27:14 | Build | Gate |
| 27:23 | Build | Mill |
| 27:23 | Create | Villager (Male) |
| 27:24 | Create | Villager (Male) |
| 27:41 | Create | Villager (Male) |
| 27:41 | Create | Villager (Male) |
| 27:53 | Build | Farm |
| 27:54 | Build | Farm |
| 27:55 | Build | Farm |
| 27:57 | Build | Farm |
| 27:59 | Create | Villager (Male) |
| 28:02 | Build | Farm |
| 28:03 | Create | Villager (Male) |
| 28:03 | Create | Villager (Male) |
| 28:22 | Build | Farm |
| 28:25 | Create | Villager (Male) |
| 28:25 | Create | Villager (Male) |
| 28:32 | Build | Farm |
| 28:34 | Build | Farm |
| 28:37 | Create | Villager (Male) |
| 28:37 | Create | Villager (Male) |
| 28:44 | Build | Mill |
| 28:45 | Create | Villager (Male) |
| 28:45 | Create | Villager (Male) |
| 28:55 | Create | Villager (Male) |
| 29:04 | Build | House |
| 29:06 | Build | House |
| 29:08 | Create | Villager (Male) |
| 29:15 | Build | Farm |
| 29:20 | Create | Villager (Male) |
Build order — adHoc
First 150 of 392 actions detected
| 0:04 | Build | House |
| 0:07 | Build | House |
| 0:08 | Create | Villager (Male) |
| 0:09 | Create | Villager (Male) |
| 0:09 | Create | Villager (Male) |
| 0:59 | Create | Villager (Male) |
| 1:42 | Create | Villager (Male) |
| 2:13 | Create | Villager (Male) |
| 2:16 | Build | Lumber Camp |
| 2:34 | Create | Villager (Male) |
| 2:58 | Create | Villager (Male) |
| 3:32 | Create | Villager (Male) |
| 3:40 | Build | House |
| 3:43 | Build | House |
| 3:54 | Create | Villager (Male) |
| 4:10 | Create | Villager (Male) |
| 4:40 | Create | Villager (Male) |
| 5:03 | Create | Villager (Male) |
| 5:11 | Create | Villager (Male) |
| 5:34 | Create | Villager (Male) |
| 5:41 | Build | Mill |
| 6:06 | Create | Villager (Male) |
| 6:28 | Create | Villager (Male) |
| 6:56 | Create | Villager (Male) |
| 7:13 | Build | Mill |
| 7:34 | Research | Feudal Age |
| 7:59 | Build | House |
| 8:00 | Build | House |
| 8:33 | Create | Villager (Male) |
| 8:33 | Create | Villager (Male) |
| 9:52 | Age | Feudal Age |
| 10:01 | Build | Market |
| 10:20 | Create | Villager (Male) |
| 10:41 | Build | Blacksmith |
| 11:10 | Create | Villager (Male) |
| 11:34 | Create | Villager (Male) |
| 12:10 | Create | Villager (Male) |
| 12:19 | Research | Castle Age |
| 12:46 | Build | Barracks |
| 13:36 | Build | Farm |
| 13:37 | Build | Farm |
| 13:37 | Build | Farm |
| 13:37 | Build | Farm |
| 13:46 | Build | Farm |
| 13:46 | Build | Farm |
| 14:06 | Build | House |
| 14:07 | Build | House |
| 14:09 | Create | Villager (Male) |
| 14:10 | Create | Villager (Male) |
| 15:01 | Build | Mining Camp |
| 15:15 | Age | Castle Age |
| 15:17 | Create | Villager (Male) |
| 15:21 | Build | Town Center |
| 15:24 | Build | House |
| 15:25 | Build | House |
| 16:07 | Build | Monastery |
| 16:10 | Create | Villager (Male) |
| 16:22 | Build | Farm |
| 16:30 | Create | Villager (Male) |
| 16:31 | Create | Villager (Male) |
| 16:37 | Build | Farm |
| 16:43 | Create | Villager (Male) |
| 16:48 | Build | Farm |
| 16:57 | Build | Farm |
| 17:03 | Create | Villager (Male) |
| 17:18 | Create | Villager (Male) |
| 17:18 | Create | Villager (Male) |
| 17:23 | Create | Monk |
| 17:31 | Build | Stable |
| 17:40 | Create | Villager (Male) |
| 17:44 | Build | Farm |
| 17:55 | Build | Farm |
| 17:57 | Create | Villager (Male) |
| 18:07 | Create | Villager (Male) |
| 18:30 | Create | Villager (Male) |
| 18:46 | Build | Archery Range |
| 18:48 | Create | Villager (Male) |
| 18:48 | Create | Villager (Male) |
| 19:04 | Research | Horse Collar |
| 19:14 | Build | Town Center |
| 19:17 | Create | Villager (Male) |
| 19:26 | Build | Mining Camp |
| 19:53 | Build | Archery Range |
| 19:58 | Create | Villager (Male) |
| 19:58 | Create | Villager (Male) |
| 20:00 | Create | Villager (Male) |
| 20:00 | Create | Villager (Male) |
| 20:03 | Create | Villager (Male) |
| 20:34 | Create | Villager (Male) |
| 20:40 | Create | Villager (Male) |
| 20:41 | Create | Villager (Male) |
| 21:01 | Build | Archery Range |
| 21:18 | Create | Villager (Male) |
| 21:18 | Create | Villager (Male) |
| 21:19 | Create | Villager (Male) |
| 21:19 | Create | Villager (Male) |
| 21:35 | Create | Villager (Male) |
| 21:42 | Create | Villager (Male) |
| 21:47 | Build | Farm |
| 21:47 | Build | Farm |
| 21:47 | Build | Farm |
| 21:47 | Build | Farm |
| 21:51 | Build | Farm |
| 21:58 | Create | Villager (Male) |
| 22:07 | Create | Villager (Male) |
| 22:19 | Build | House |
| 22:20 | Build | House |
| 22:21 | Build | House |
| 22:22 | Build | House |
| 22:23 | Build | House |
| 22:28 | Create | Villager (Male) |
| 22:35 | Build | University |
| 22:42 | Create | Villager (Male) |
| 22:49 | Create | Villager (Male) |
| 23:06 | Create | Villager (Male) |
| 23:08 | Create | Villager (Male) |
| 23:09 | Create | Villager (Male) |
| 23:15 | Build | Farm |
| 23:15 | Build | Farm |
| 23:15 | Build | Farm |
| 23:15 | Build | Farm |
| 23:22 | Build | Farm |
| 23:22 | Build | Farm |
| 23:27 | Create | Villager (Male) |
| 23:35 | Create | Villager (Male) |
| 23:51 | Create | Villager (Male) |
| 23:56 | Research | Ballistics |
| 24:04 | Build | Farm |
| 24:05 | Create | Villager (Male) |
| 24:06 | Create | Villager (Male) |
| 24:22 | Create | Villager (Male) |
| 24:26 | Create | Villager (Male) |
| 24:47 | Create | Villager (Male) |
| 24:48 | Create | Villager (Male) |
| 24:50 | Create | Villager (Male) |
| 24:51 | Create | Villager (Male) |
| 25:14 | Build | Castle |
| 25:19 | Build | Mining Camp |
| 25:21 | Create | Villager (Male) |
| 25:21 | Create | Villager (Male) |
| 25:22 | Create | Villager (Male) |
| 25:24 | Create | Villager (Male) |
| 25:27 | Build | Farm |
| 25:28 | Build | Farm |
| 25:28 | Build | Farm |
| 25:28 | Build | Farm |
| 25:37 | Build | Mill |
| 25:43 | Create | Villager (Male) |
| 25:44 | Create | Villager (Male) |
| 25:45 | Create | Villager (Male) |
Match timeline
| 2:55 | robin-47 · wall_segment Palisade Wall x3 |
| 3:03 | robin-47 · wall_segment Palisade Wall x8 |
| 3:32 | robin-47 · wall_segment Palisade Wall x1 |
| 9:52 | adHoc · age_up feudal |
| 11:05 | Profesor Caos · age_up feudal |
| 11:11 | robin-47 · age_up feudal |
| 11:34 | X · age_up feudal |
| 11:38 | MENTOR VI · first_building Barracks |
| 11:39 | Sebastián · age_up feudal |
| 11:40 | adHoc · first_market_sell 100 wood |
| 12:19 | Jert · age_up feudal |
| 12:46 | adHoc · first_building Barracks |
| 14:43 | Profesor Caos · age_up castle |
| 14:49 | MENTOR VI · age_up feudal |
| 14:52 | Profesor Caos · first_market_buy 100 wood |
| 14:59 | robin-47 · age_up castle |
| 14:59 | MENTOR VI · first_building Archery Range |
| 15:03 | MENTOR VI · wall_segment Stone Wall x1 |
| 15:04 | ImpactMak50 · first_market_sell 100 wood |
| 15:07 | ImpactMak50 · first_market_buy 100 food |
| 15:15 | adHoc · age_up castle |
| 15:17 | Sebastián · age_up castle |
| 15:21 | Sebastián · first_building Castle |
| 15:57 | robin-47 · first_market_buy 100 food |
| 16:07 | adHoc · first_building Monastery |
| 16:15 | ImpactMak50 · first_building Barracks |
| 16:31 | MENTOR VI · first_building Stable |
| 16:35 | X · age_up castle |
| 17:21 | Jert · age_up castle |
| 17:31 | adHoc · first_building Stable |
| 17:47 | Jert · first_building Castle |
| 18:14 | Jert · first_building Monastery |
| 18:46 | adHoc · first_building Archery Range |
| 18:49 | robin-47 · first_market_sell 100 stone |
| 19:20 | X · first_building Siege Workshop |
| 20:09 | Jert · first_building Siege Workshop |
| 20:22 | ImpactMak50 · first_building Archery Range |
| 24:04 | Sebastián · first_building Siege Workshop |
| 24:04 | MENTOR VI · age_up castle |
| 24:55 | ImpactMak50 · first_building Monastery |
| 24:56 | Profesor Caos · first_building Monastery |
| 24:57 | Sebastián · first_market_buy 100 wood |
| 25:14 | adHoc · first_building Castle |
| 25:42 | X · first_building Barracks |
| 26:10 | robin-47 · first_building Castle |
| 26:21 | adHoc · first_market_buy 100 food |
| 26:26 | Profesor Caos · first_building Barracks |
| 26:47 | X · first_building Monastery |
| 27:24 | ImpactMak50 · first_building Castle |
| 27:24 | robin-47 · first_building Barracks |
| 28:06 | Profesor Caos · first_building Castle |
| 28:07 | robin-47 · first_building Archery Range |
| 28:11 | MENTOR VI · first_building Siege Workshop |
| 28:15 | X · first_market_buy 100 wood |
| 28:19 | MENTOR VI · wall_segment Stone Wall x1 |
| 28:27 | MENTOR VI · first_building Castle |
| 29:06 | Profesor Caos · first_building Siege Workshop |
| 29:29 | Profesor Caos · age_up imperial |
| 30:01 | adHoc · age_up imperial |
| 30:31 | X · age_up imperial |
| 30:58 | robin-47 · age_up imperial |
| 31:33 | Sebastián · first_market_sell 100 wood |
| 31:41 | MENTOR VI · first_building Monastery |
| 31:55 | ImpactMak50 · wall_segment Stone Wall x2 |
| 31:58 | Sebastián · first_building Barracks |
| 32:16 | X · first_building Archery Range |
| 32:47 | robin-47 · tribute_sent a jugador 1 |
| 32:47 | robin-47 · tribute_sent a jugador 2 |
| 32:47 | robin-47 · tribute_sent a jugador 3 |
| 32:47 | robin-47 · tribute_sent a jugador 5 |
| 32:47 | robin-47 · tribute_sent a jugador 6 |
| 32:47 | robin-47 · tribute_sent a jugador 7 |
| 32:47 | robin-47 · tribute_sent a jugador 8 |
| 33:17 | X · first_building Castle |
| 33:50 | Jert · age_up imperial |
| 34:30 | MENTOR VI · first_market_buy 500 food |
| 34:34 | MENTOR VI · first_market_sell 500 food |
| 34:51 | Sebastián · age_up imperial |
| 35:50 | Sebastián · first_building Archery Range |
| 36:05 | adHoc · first_building Siege Workshop |
| 36:43 | robin-47 · first_building Stable |
| 37:29 | ImpactMak50 · first_building Stable |
| 38:05 | MENTOR VI · age_up imperial |
| 40:16 | Jert · first_market_buy 100 stone |
| 40:27 | ImpactMak50 · tribute_sent a jugador 1 |
| 40:27 | ImpactMak50 · tribute_sent a jugador 2 |
| 40:27 | ImpactMak50 · tribute_sent a jugador 3 |
| 40:27 | ImpactMak50 · tribute_sent a jugador 4 |
| 40:27 | ImpactMak50 · tribute_sent a jugador 5 |
| 40:27 | ImpactMak50 · tribute_sent a jugador 7 |
| 40:27 | ImpactMak50 · tribute_sent a jugador 8 |
| 40:42 | adHoc · wall_segment Stone Wall x8 |
| 42:20 | robin-47 · wall_segment Stone Wall x1 |
| 42:20 | robin-47 · wall_segment Stone Wall x1 |
| 42:31 | adHoc · wall_segment Stone Wall x5 |
| 43:19 | Jert · first_building Barracks |
| 44:23 | Profesor Caos · first_market_sell 500 food |
| 45:14 | ImpactMak50 · tribute_sent a jugador 1 |
| 45:14 | ImpactMak50 · tribute_sent a jugador 2 |
| 45:14 | ImpactMak50 · tribute_sent a jugador 3 |
| 45:14 | ImpactMak50 · tribute_sent a jugador 4 |
| 45:14 | ImpactMak50 · tribute_sent a jugador 5 |
| 45:14 | ImpactMak50 · tribute_sent a jugador 7 |
| 45:14 | ImpactMak50 · tribute_sent a jugador 8 |
| 45:24 | X · tribute_sent a jugador 1 |
| 45:24 | X · tribute_sent a jugador 3 |
| 45:24 | X · tribute_sent a jugador 4 |
| 45:24 | X · tribute_sent a jugador 5 |
| 45:24 | X · tribute_sent a jugador 6 |
| 45:24 | X · tribute_sent a jugador 7 |
| 45:24 | X · tribute_sent a jugador 8 |
| 46:28 | Jert · first_market_sell 500 food |
| 47:03 | adHoc · wall_segment Stone Wall x10 |
| 47:41 | X · resign |
[ AI ANALYSIS · 1 CREDIT ]
What really happened in this match?
Wolo.gg analyzes every decision: build order, eco, micro, common mistakes by bracket. Personalized analysis on WhatsApp or Discord in 30 seconds.
Civ guide
Bohemians
Map guide
Arena
Perfil
Jugador #18213639